 Dungeon Crawl Stone Soup version 0.25.1-1-g288607f5aa (webtiles) character file.

Game seed: 12232038997977597783

604415 KleinerIrrer the Meteorologist (level 27, -29/166 HPs)
             Began as a Tengu Air Elementalist on July 22, 2020.
             Was the Champion of Vehumet.
             Killed from afar by Xauhen the pandemonium lord (86 damage)
             ... with an iron shot
             ... on level 16 of a ziggurat on July 24, 2020.
             The game lasted 05:12:02 (88292 turns).

KleinerIrrer the Meteorologist (TeAE)              Turns: 88292, Time: 05:12:03

Health: -29/166    AC: 24    Str:  9      XL:     27
Magic:  34/50      EV: 51    Int: 31      God:    Vehumet [******]
Gold:   1203       SH: 16    Dex: 29 (30) Spells: 2/70 levels left

rFire    + + +     SeeInvis +   Q - staff of air
rCold    + + .     Gourm    .   G - +2 kite shield {rN+}
rNeg     + + +     Faith    .   S - +3 ring mail {rF+}
rPois    ∞         Spirit   .   T - -2 hat of the Alchemist {rElec rPois rF+ rC+ rN+ MR+ rMut rCorr}
rElec    +         Reflect  .   J - +2 cloak {MR+}
rCorr    +         Harm     .   R - +2 pair of gloves
rMut     +                      (boots unavailable)
MR       +++++                  X - amulet of the Camelopard {Acrobat Dex+3 SInv Stlth+}
Stlth    +++.......             y - ring "Xiacapue" {rF+ rN+ Dex+6}
HPRegen  0.37/turn              V - ring of the Will of the Gods {MR+ Int+6 Dex+5}
MPRegen  0.32/turn

@: lich-form, acrobat, flying quickly and evasively, hasted, studying Crossbows,
silenced, very quick
A: beak, talons 3, thin metallic scales 1, weak 1, wild magic 1, able to fly
}: 3/15 runes: serpentine, barnacled, slimy
a: Stop Flying, End Transformation, Renounce Religion


You were on level 16 of a ziggurat.
You worshipped Vehumet.
Vehumet was exalted by your worship.
You were not hungry.
You were a lich.
You visited 10 branches of the dungeon, and saw 50 of its levels.
You visited 1 ziggurat, and saw 16 of its levels.
You also visited: Sewer, Ice Cave and Desolation.

You collected 8005 gold pieces.
You spent 6802 gold pieces at shops.

Inventory:

Missiles
 h - 17 throwing nets
 r - 35 silver javelins (quivered)
 F - 670 arrows
Armour
 E - a +2 chain mail of poison resistance
 G - a +2 kite shield of positive energy (worn)
 J - a +2 cloak of magic resistance (worn)
 R - a +2 pair of gloves (worn)
 S - a +3 ring mail of fire resistance (worn)
 T - the -2 hat of the Alchemist (worn) {rElec rPois rF+ rC+ rN+ MR+ rMut rCorr}
   (You bought it in a shop on level 3 of the Elven Halls)

   It protects you from fire.
   It protects you from cold.
   It insulates you from electricity.
   It protects you from poison.
   It protects you from negative energy.
   It affects your resistance to hostile enchantments.
   It provides partial protection from all sources of acid and corrosion.
   It protects you from mutation.
Magical Staves
 g - an uncursed staff of wizardry
 Q - an uncursed staff of air (weapon)
Jewellery
 s - the ring "Qyufobit" {rC+ Int+2}
   (You found it on level 4 of the Snake Pit)

   [ring of protection from cold]

   It affects your intelligence (+2).
   It protects you from cold.
 y - the ring "Xiacapue" (left hand) {rF+ rN+ Dex+6}
   (You found it on level 13 of a ziggurat)

   [ring of dexterity]

   It affects your dexterity (+6).
   It protects you from fire.
   It protects you from negative energy.
 V - the ring of the Will of the Gods (right hand) {MR+ Int+6 Dex+5}
   (You took it off a naga mage on level 4 of the Snake Pit)

   [ring of intelligence]

   It affects your intelligence (+6).
   It affects your dexterity (+5).
   It affects your resistance to hostile enchantments.
 X - the amulet of the Camelopard (around neck) {Acrobat Dex+3 SInv Stlth+}
   (You found it in the Desolation of Salt)

   [amulet of the acrobat]

   It helps you evade while moving and waiting.
   It affects your dexterity (+3).
   It lets you see invisible.
   It makes you more stealthy.
Wands
 d - a wand of disintegration (7)
 u - a wand of clouds (6)
 C - a wand of iceblast (47)
 D - a wand of acid (32)
 N - a wand of digging (17)
Scrolls
 e - 9 scrolls of fog
 f - 29 scrolls of teleportation
 i - 22 scrolls of remove curse
 j - 10 scrolls of immolation
 k - 7 scrolls of magic mapping
 o - 6 scrolls of amnesia
 p - 5 scrolls of holy word
 t - 9 scrolls of blinking
 A - a scroll of torment
 I - 4 scrolls of enchant weapon
 K - 4 scrolls of identify
 P - 3 scrolls of silence
 U - 4 scrolls of fear
 W - 2 scrolls of summoning
 Z - 3 scrolls of enchant armour
Potions
 a - 2 potions of invisibility
 b - 8 potions of haste
 l - 9 potions of mutation
 m - 6 potions of stabbing
 n - 20 potions of curing
 w - 5 potions of lignification
 x - 3 potions of cancellation
 z - 8 potions of brilliance
 L - 3 potions of heal wounds
 M - 6 potions of might
 O - 3 potions of berserk rage
 Y - 4 potions of ambrosia
Books
 q - a manual of Crossbows
Comestibles
 c - 55 rations


   Skills:
 - Level 15.5 Fighting
 - Level 15.5 Armour
 - Level 20.6 Dodging
 - Level 2.0 Stealth
 - Level 15.0 Shields
 - Level 22.1 Spellcasting
 - Level 5.0 Conjurations
 * Level 15.2 Necromancy
 * Level 12.7 Transmutations
 - Level 1.0 Ice Magic
 O Level 27 Air Magic


You had 2 spell levels left.
You knew the following spells:

 Your Spells              Type           Power        Failure   Level  Hunger
a - Tornado               Air            #########.   1%          9    N/A
b - Swiftness             Chrm/Air       ########     1%          2    N/A
c - Static Discharge      Conj/Air       ########     1%          3    N/A
d - Airstrike             Air            #########.   1%          4    N/A
e - Lightning Bolt        Conj/Air       ########..   1%          5    N/A
f - Mephitic Cloud        Conj/Pois/Air  ########     1%          3    N/A
g - Sublimation of Blood  Necr           ########..   1%          2    N/A
h - Conjure Flame         Conj/Fire      ######..     1%          3    N/A
i - Blink                 Tloc           N/A          4%          2    N/A
j - Conjure Ball Lightni  Conj/Air       ########..   1%          6    N/A
k - Freezing Cloud        Conj/Ice/Air   ########..   1%          6    N/A
l - Chain Lightning       Conj/Air       ########..   7%          8    N/A
m - Sticks to Snakes      Tmut           #######.     1%          2    N/A
n - Necromutation         Tmut/Necr      ########..   45%         8    N/A
o - Borgnjor's Vile Clut  Necr/Erth      ########..   4%          5    N/A

Your spell library contained the following spells:

 Spells                   Type           Power        Failure   Level  Hunger
 Ignition                 Fire           #####.....   100%        8    N/A
 Lehudib's Crystal Spear  Conj/Erth      ######....   100%        8    N/A
 Animate Skeleton         Necr           N/A          1%          1    N/A
 Beastly Appendage        Tmut           ######       1%          1    N/A
 Foxfire                  Conj/Fire      ####         1%          1    N/A
 Magic Dart               Conj           ####         1%          1    N/A
 Pain                     Necr           ####         1%          1    N/A
 Shock                    Conj/Air       ####         1%          1    N/A
 Sting                    Tmut/Pois      ####         1%          1    N/A
 Corpse Rot               Necr/Air       N/A          1%          2    N/A
 Passwall                 Tmut/Erth      #######.     1%          2    N/A
 Poisonous Vapours        Pois/Air       ######       1%          2    N/A
 Searing Ray              Conj           ######       1%          2    N/A
 Corona                   Hex            #####..      3%          1    N/A
 Infusion                 Chrm           ####         3%          1    N/A
 Summon Butterflies       Summ           #####...     3%          1    N/A
 Summon Small Mammal      Summ           ####         3%          1    N/A
 Call Imp                 Summ           #####...     4%          2    N/A
 Ensorcelled Hibernation  Hex/Ice        #####.       4%          2    N/A
 Shroud of Golubria       Chrm/Tloc      #####.       4%          2    N/A
 Slow                     Hex            #####...     4%          2    N/A
 Song of Slaying          Chrm           #####...     4%          2    N/A
 Dazzling Flash           Conj/Hex       ######       1%          3    N/A
 Ignite Poison            Fire/Tmut/Pois ######..     1%          3    N/A
 Spider Form              Tmut/Pois      #######...   1%          3    N/A
 Stone Arrow              Conj/Erth      ######       1%          3    N/A
 Vampiric Draining        Necr           ########..   1%          3    N/A
 Animate Dead             Necr           N/A          1%          4    N/A
 Summon Lightning Spire   Summ/Air       ########     1%          4    N/A
 Agony                    Necr           ########     1%          5    N/A
 Blade Hands              Tmut           #######...   1%          5    N/A
 Irradiate                Conj/Tmut      #######...   1%          5    N/A
 Silence                  Hex/Air        ########..   1%          5    N/A
 Yara's Violent Unravell  Hex/Tmut       #######...   1%          5    N/A
 Death Channel            Necr           ########..   1%          6    N/A
 Inner Flame              Hex/Fire       #####...     2%          3    N/A
 Ice Form                 Ice/Tmut       #######.     2%          4    N/A
 Petrify                  Tmut/Erth      #######.     2%          4    N/A
 Fulminant Prism          Conj/Hex       ######....   3%          4    N/A
 Iskenderun's Mystic Bla  Conj/Tloc      ######..     3%          4    N/A
 Sticky Flame             Conj/Fire      ######..     3%          4    N/A
 Hydra Form               Tmut           #######...   3%          6    N/A
 Alistair's Intoxication  Tmut/Pois      #######.     6%          5    N/A
 Olgreb's Toxic Radiance  Pois           #####...     7%          4    N/A
 Fireball                 Conj/Fire      ######....   7%          5    N/A
 Iskenderun's Battlesphe  Conj/Chrm      ######..     7%          5    N/A
 Ozocubu's Armour         Chrm/Ice       #####...     8%          3    N/A
 Call Canine Familiar     Summ           #####...     9%          3    N/A
 Confusing Touch          Hex            #####...     9%          3    N/A
 Gell's Gravitas          Tloc           #####.....   9%          3    N/A
 Lesser Beckoning         Tloc           #####.....   9%          3    N/A
 Portal Projectile        Hex/Tloc       #####.       9%          3    N/A
 Recall                   Summ/Tloc      N/A          9%          3    N/A
 Spectral Weapon          Hex/Chrm       #####...     9%          3    N/A
 Summon Guardian Golem    Hex/Summ       #####...     9%          3    N/A
 Teleport Other           Tloc           #####...     9%          3    N/A
 Bolt of Magma            Conj/Fire/Erth ######....   10%         5    N/A
 Dragon Form              Tmut           #######...   13%         7    N/A
 Simulacrum               Ice/Necr       ########..   14%         6    N/A
 Summon Ice Beast         Ice/Summ       #####...     22%         4    N/A
 Cause Fear               Hex            #####.....   26%         4    N/A
 Leda's Liquefaction      Hex/Erth       #####.....   26%         4    N/A
 Passage of Golubria      Tloc           N/A          26%         4    N/A
 Eringya's Noxious Bog    Tmut/Pois      #######...   30%         6    N/A
 Statue Form              Tmut/Erth      #######..    30%         6    N/A
 Iron Shot                Conj/Erth      ######....   32%         6    N/A
 Starburst                Conj/Fire      ######....   32%         6    N/A
 Borgnjor's Revivificati  Necr           ########..   32%         8    N/A
 Infestation              Necr           ########..   32%         8    N/A
 Metabolic Englaciation   Hex/Ice        #####.....   47%         5    N/A
 Orb of Destruction       Conj           ######....   50%         7    N/A
 Aura of Abjuration       Summ           #####.....   54%         5    N/A
 Summon Demon             Summ           #####.....   54%         5    N/A
 Summon Forest            Summ/Tloc      #####.....   54%         5    N/A
 Summon Mana Viper        Hex/Summ       #####...     54%         5    N/A
 Haunt                    Necr/Summ      ########..   65%         7    N/A
 Spellforged Servitor     Conj/Summ      ######....   82%         7    N/A
 Darkness                 Hex            #####.....   98%         6    N/A
 Dispersal                Tloc           #####.....   98%         6    N/A
 Shadow Creatures         Summ           N/A          98%         6    N/A
 Malign Gateway           Summ/Tloc      #####.....   100%        7    N/A
 Ring of Flames           Chrm/Fire      #####.....   100%        7    N/A
 Summon Hydra             Summ           #####.....   100%        7    N/A
 Controlled Blink         Tloc           N/A          100%        8    N/A
 Death's Door             Chrm/Necr      ########..   100%        8    N/A
 Discord                  Hex            #####.....   100%        8    N/A
 Disjunction              Tloc           #####.....   100%        8    N/A

Dungeon Overview and Level Annotations

Branches:
Dungeon (15/15)            Temple (1/1) D:7            Lair (6/6) D:8
 Shoals (4/4) Lair:2        Snake (4/4) Lair:3        Slime (5/5) Lair:6
    Orc (2/2) D:12            Elf (3/3) Orc:2        Vaults (5/5) D:14
  Crypt (0/3) Vaults:2     Depths (5/5) D:15            Zot (0/5) Depths:5
  Sewer (visited)           IceCv (visited)         Desolation (visited)

Altars:
Ashenzari
Dithmenos
Elyvilon
Fedhas
Gozag
Nemelex Xobeh
Okawaru
Qazlal
Ru
Sif Muna
Trog
Uskayaw
Vehumet
Wu Jian
Xom
Yredelemnul
Zin
The Shining One
Beogh
Lugonu

Shops:
D:7 %[[   D:11 [   Orc:2 [*}=   Elf:2 !   Elf:3 [:[!   Shoals:3 !   Snake:2 }
Snake:3 ::?[}   Vaults:2 [   Depths:1 *=}=}=   Depths:3 *   Depths:5 [

Portals:
Hell: Depths:1 Depths:2 Depths:3 Depths:4 Depths:5
Abyss: Depths:1 Depths:2 Depths:4
Pandemonium: Depths:1 Depths:2 Depths:3
Trove: Vaults:2 (give 18 potions of curing)

Annotations:
Depths:2 3 runed translucent doors, exclusion: door, lllmatko's ghost, adept MiBe


Innate Abilities, Weirdness & Mutations

You have a beak for a mouth.
You have claws for feet.
You can fly continuously.
You are partially covered in thin metallic scales. (AC +2)
You are weak. (Str -2)
Your spells are a little harder to cast, but a little more powerful.


Message History

You can't drink.
Evoke which item? (* to show all) (? for menu, Esc to quit)
Okay, then.
Unknown command.
You swap places.
Your hearing returns.
The eye of devastation changes into a snapping turtle!
The fire crab changes into a dream sheep!
Xauhen hits your Hell Sentinel!!
The stone giant grins.
The stone giant is struck by your Hell Sentinel's spines.
The stone giant hits your Hell Sentinel.
Uveheny completely misses you.
The shadow demon gestures.
Send 'em back where they came from!
Your Hell Sentinel shimmers and vanishes! x2
Fialue Kett gestures.
Xauhen gestures at you. The iron shot hits you!!!!
Ouch! That really hurt!
You die...

▓...........▓
▓▓▓▓▓.p.§.......▓▓▓▓▓▓▓▓▓
..........§.............▓
.........§..............▓
u.Y.......1.p...........▓
%.X......4t4............▓
|...u.Y42&cX............▓
[X..&.X4Xu.LX..........∩▓
!..Xu.uCYC&1............▓
|...t....&.2............▓
.........CXX............▓
........................▓
........................▓
▓▓▓▓▓...........▓▓▓▓▓▓▓▓▓
▓...........▓


You could see Emafum (silencing), Fialue Kett, Uveheny, Xauhen, 2 Killer Klowns,
a Hell Sentinel, 2 tentacled monstrosities, a dire elephant, a frost giant, a
green very ugly thing, a Brimstone Fiend, a cacodemon (summoned), a fire giant,
a stone giant, 3 ugly things, a snapping turtle shaped shifter, a shadow demon
(summoned), an orange demon (summoned), an apocalypse crab, a faun shaped
shifter, 4 large abominations, a chaos spawn, 2 red devils and a dream sheep
shaped shifter.

Vanquished Creatures
  the Royal Jelly (Slime:5)
  An ancient lich (Zig:10)
  2 juggernauts
  Bai Suzhen (Snake:4)
  A pandemonium lord (Zig:16)
  Vashnia (Snake:4)
  Xtahua (Depths:4)
  Nikola (Depths:2)
  4 golden dragons
  2 bone dragons
  7 liches
  Jorgrun (D:14)
  4 tentacled monstrosities
  A quicksilver dragon (Depths:5)
  The ghost of Qimmyvaw the Thaumaturge, an adept GnWz of Sif Muna (Snake:4)
  3 deep elf master archers (Elf:3)
  Asterion (Snake:3)
  An ancient champion (Zig:15)
  3 deep elf blademasters (Elf:3)
  17 acid blobs
  Frances (D:14)
  Polyphemus (Shoals:3)
  2 krakens (Shoals:3)
  4 sphinxes
  Kirke (Shoals:3)
  A draconian monk (Depths:5)
  A shadow dragon (Depths:5)
  The ghost of Huol the Warrior, an adept FoFi of Okawaru (Elf:2)
  7 tengu reavers
  3 revenants (Zig:15)
  Donald (Elf:1)
  7 azure jellies
  Roxanne (Snake:4)
  5 fire giants
  A draconian knight (Depths:5)
  6 deep elf sorcerers
  14 nagarajas
  9 vault wardens
  11 frost giants
  An orc warlord (Zig:11)
  2 draconian scorchers (Zig:10)
  3 imperial myrmidons (Desolation)
  A cacodemon (Depths:1)
  2 emperor scorpions (Zig:14)
  7 deep elf elementalists
  2 curse skulls
  A draconian stormcaller (Depths:5)
  An angel (Depths:3)
  3 draconian annihilators (Zig:10)
  A ghoul (Zig:15)
  16 ironheart preservers
  Aizul (Elf:1)
  20 very ugly things
  3 entropy weavers
  7 vampire knights
  Nessos (D:12)
  16 stone giants
  A black draconian (Depths:5)
  6 deep elf demonologists
  8 deep elf annihilators (Elf:3)
  A purple draconian (Depths:5)
  A yellow draconian (Depths:5)
  A white draconian (Depths:5)
  2 halazid warlocks (Desolation)
  4 spark wasps (Depths:1)
  5 eidola (Zig:15)
  11 deep elf death magi
  4 merfolk javelineers
  4 ragged hierophants (Desolation)
  2 crystal guardians (Desolation)
  15 fire dragons
  10 ettins
  3 jiangshi
  11 great orbs of eyes
  16 yaktaur captains
  8 death oozes (Slime:5)
  The ghost of Tman the Blocker, a journeyman DDFi of Makhleb (D:11)
  13 merfolk impalers
  9 deep elf high priests
  2 servants of whispers (Desolation)
  6 green deaths
  33 vault guards
  23 hydras
  7 ice dragons
  9 peacekeepers
  18 naga warriors
  A ghost crab (Zig:13)
  10 rakshasas
  3 death knights
  5 merfolk avatars
  8 anacondas
  6 merfolk aquamancers
  5 spriggan air magi
  3 catoblepae
  4 alligator snapping turtles
  An anaconda (shapeshifter) (Depths:4)
  9 deep troll shamans
  19 death yaks
  A shambling mangrove (Zig:13)
  10 centaur warriors
  66 two-headed ogres
  4 satyrs
  An orc high priest (Zig:11)
  23 ogre magi
  6 deep troll earth magi
  9 vampire magi
  A hell hog (Zig:6)
  31 dancing weapons
  5 tengu warriors
  A thrashing horror (Zig:1)
  23 naga sharpshooters
  5 shock serpents
  5 spriggan berserkers (Depths:5)
  21 deep elf knights
  3 shadow wraiths
  3 soul eaters
  A fire crab (shapeshifter) (Depths:3)
  A spatial maelstrom (Zig:6)
  9 skeletal warriors
  2 salamander mystics
  6 iron trolls
  4 hell knights
  An unseen horror (Zig:6)
  3 spriggan druids (Zig:13)
  3 flayed ghosts
  6 sea snakes
  7 glowing orange brains
  23 deep trolls
  4 swamp dragons
  17 deep elf archers
  8 naga ritualists
  9 wizards
  An orange crystal statue (Shoals:1)
  17 orc knights
  A phantasmal warrior (Vaults:3)
  2 lindwurms (shapeshifter)
  A lindwurm (D:14)
  4 necromancers
  10 ironbrand convokers
  36 harpies
  An orb spider (shapeshifter) (Vaults:2)
  2 orb spiders
  2 harpies (shapeshifter)
  10 mana vipers
  2 wolf spiders
  An oklob plant (Lair:4)
  2 cyclopes (shapeshifter)
  20 manticores
  7 fauns
  7 orc sorcerers
  3 shining eyes
  A sphinx skeleton (Vaults:2)
  A tengu skeleton (Vaults:2)
  13 cyclopes
  77 deep elf magi
  37 ugly things
  A fire giant skeleton (Vaults:2)
  3 centaur zombies
  11 merfolk sirens
  13 salamanders
  A guardian serpent (shapeshifter) (Vaults:1)
  An ice statue (IceCv)
  3 moths of wrath
  16 vault sentinels
  Maurice (D:8)
  A frost giant skeleton (D:15)
  35 naga magi
  3 eyes of devastation
  2 smoke demons
  7 guardian serpents
  3 spiny frogs (shapeshifter)
  14 elephants
  14 water nymphs
  41 black mambas
  2 torpor snails
  11 spiny frogs
  6 komodo dragons
  3 demonic crawlers
  11 freezing wraiths
  4 small abominations
  61 yaktaurs
  7 rime drakes
  A redback zombie (D:13)
  An ancient zyme (Zig:6)
  An ice devil (Depths:1)
  A yaktaur skeleton (Vaults:2)
  4 tengu conjurers
  A jumping spider (Vaults:3)
  6 wind drakes
  2 meliai (shapeshifter)
  7 hornets
  4 polar bears
  7 trolls
  42 merfolk
  14 snapping turtles
  2 bog bodies (Zig:13)
  An ice dragon zombie (D:15)
  98 slime creatures
  12 dream sheep
  37 saltlings (Desolation)
  4 blink frogs (Lair:5)
  15 hippogriffs
  A frost giant simulacrum (Vaults:2)
  3 centaur simulacra (D:11)
  A deep troll skeleton (D:15)
  4 air elementals
  A shapeshifter (Elf:3)
  3 redbacks
  A spriggan (shapeshifter) (D:15)
  7 wyverns
  5 wraiths
  An ettin skeleton (Vaults:1)
  A shadow (D:12)
  3 starcursed masses (Zig:6)
  6 fire elementals
  A tarantella (Vaults:3)
  A vampire (D:11)
  2 golden eyes (Slime:3)
  3 basilisks
  4 fire bats (D:8)
  25 water elementals
  A ynoxinul (Zig:6)
  2 humans (shapeshifter)
  A fire bat (shapeshifter) (Vaults:4)
  6 hogs (Shoals:3)
  A neqoxec (Depths:1)
  2 steam dragons (D:5)
  18 yaks
  A chaos spawn (Zig:6)
  5 wargs
  A yaktaur simulacrum (Vaults:2)
  6 vampire mosquitoes
  2 soldier ants
  2 insubstantial wisps
  58 nagas
  3 acid dragons
  17 water moccasins
  A hell hound (D:8)
  Duvessa (D:6)
  A large abomination (Zig:6)
  9 porcupines
  4 swamp drakes (Zig:13)
  A floating eye (shapeshifter) (Depths:4)
  45 orc warriors
  16 ice beasts
  An ettin simulacrum (Vaults:1)
  2 black bears (shapeshifter) (Depths:1)
  5 eyes of draining
  4 sky beasts
  71 ogres
  An orc zombie (Vaults:1)
  3 necrophages
  14 boggarts
  A centaur (shapeshifter) (Vaults:4)
  5 wolves (Lair:1)
  An orc skeleton (Vaults:2)
  26 centaurs
  14 crocodiles
  A yaktaur zombie (D:15)
  8 big kobolds
  13 bullfrogs
  A bullfrog (shapeshifter) (Elf:2)
  A gnoll sergeant (D:10)
  Dowan (D:6)
  An earth elemental (Elf:2)
  2 wyvern zombies
  A wyvern skeleton (D:6)
  6 scorpions
  A troll zombie (D:15)
  8 killer bees
  10 wights
  A howler monkey (D:6)
  13 crimson imps
  2 bullfrog zombies
  7 lava snakes
  3 quasits
  7 hounds
  7 jellies
  24 orc wizards
  4 centaur skeletons
  26 orc priests
  3 bullfrog skeletons
  3 iguanas
  4 human zombies (D:15)
  8 human skeletons
  10 worker ants
  A hound zombie (D:9)
  2 hound skeletons
  2 mummies (D:15)
  2 howler monkey zombies (D:7)
  A howler monkey skeleton (D:9)
  4 gnolls (D:10)
  17 adders
  5 shadow imps
  13 white imps
  An adder zombie (D:6)
  5 adder skeletons
  A worm (shapeshifter) (D:13)
  3 worms
  2 dart slugs
  8 leopard geckos
  93 orcs
  3 ball pythons
  7 giant cockroaches
  7 goblins
  8 hobgoblins
  9 jackals
  26 kobolds
  4 quokkas
  4 bats
  4 frilled lizards
  A quokka skeleton (D:9)
  A quokka zombie (D:5)
  10 rats
  5 crawling corpses (Elf:3)
  4 fire vortices
  16 plants
  3 tentacles (Shoals:3)
  10 withered plants (D:15)
2525 creatures vanquished.

Vanquished Creatures (others)
  A merfolk aquamancer (Shoals:4)
  17 ball lightnings
  A bush (Lair:5)
  15 fungi
  24 plants
  15 tentacles (Shoals:3)
73 creatures vanquished.

Grand Total: 2598 creatures vanquished

Notes
Turn   | Place    | Note
-------+----------+-------------------------------------------
     0 | D:1      | KleinerIrrer the Tengu Air Elementalist began the quest for
                  | the Orb.
     0 | D:1      | Reached XP level 1. HP: 10/10 MP: 4/4
   137 | D:1      | Reached XP level 2. HP: 13/15 MP: 0/6
   281 | D:1      | Learned a level 2 spell: Swiftness
   687 | D:1      | Reached skill level 5 in Air Magic
   687 | D:1      | Reached XP level 3. HP: 18/19 MP: 2/7
   749 | D:2      | Learned a level 3 spell: Static Discharge
  1244 | D:2      | Reached XP level 4. HP: 22/24 MP: 2/8
  2286 | D:3      | Reached skill level 6 in Air Magic
  2353 | D:3      | Gained mutation: You can fly continuously. [Tengu growth]
  2353 | D:3      | Reached XP level 5. HP: 28/28 MP: 2/10
  2674 | D:3      | Learned a level 4 spell: Airstrike
  2705 | D:3      | Reached skill level 1 in Fighting
  3228 | D:3      | Reached XP level 6. HP: 17/34 MP: 0/12
  4229 | D:5      | Entered Level 5 of the Dungeon
  4230 | D:5      | Found a glowing drain.
  4245 | Sewer    | Entered a sewer
  4356 | Sewer    | Reached skill level 1 in Armour
  4356 | Sewer    | Reached skill level 7 in Air Magic
  4356 | Sewer    | Reached XP level 7. HP: 40/40 MP: 3/14
  5091 | D:5      | Noticed a steam dragon
  5097 | D:5      | Killed a steam dragon
  5097 | D:5      | Reached XP level 8. HP: 45/45 MP: 6/16
  5247 | D:5      | Reached skill level 5 in Spellcasting
  5247 | D:5      | Reached skill level 8 in Air Magic
  5667 | D:5      | Found a stormy altar of Qazlal.
  5966 | D:6      | Reached skill level 9 in Air Magic
  6333 | D:6      | Reached XP level 9. HP: 52/52 MP: 6/19
  6482 | D:6      | Noticed Duvessa
  6484 | D:6      | Noticed Dowan
  6486 | D:6      | Killed Duvessa
  6486 | D:6      | Reached skill level 10 in Air Magic
  6697 | D:6      | Killed Dowan
  7364 | D:7      | Found Jikhar's Armour Emporium.
  7367 | D:7      | Bought a +2 hat of intelligence for 210 gold pieces
  7507 | D:7      | Found Ygyt's Antique Armour Shop.
  7613 | D:7      | Reached skill level 11 in Air Magic
  7617 | D:7      | Reached skill level 5 in Fighting
  8212 | D:7      | Found a staircase to the Ecumenical Temple.
  8231 | Temple   | Entered the Ecumenical Temple
  8327 | Temple   | Became a worshipper of Vehumet
  8543 | D:7      | Reached XP level 10. HP: 59/59 MP: 7/22
  8733 | D:7      | Learned a level 5 spell: Lightning Bolt
  8773 | D:7      | Found Atrisaoj's Food Shoppe.
  9247 | D:8      | Noticed a two-headed ogre
  9251 | D:8      | Killed a two-headed ogre
  9251 | D:8      | Reached skill level 12 in Air Magic
  9345 | D:8      | Got a faintly glowing turquoise ring
  9358 | D:8      | Identified the ring "Zujomoe" {Str+8 Stlth-} (You found it
                  | on level 8 of the Dungeon)
  9448 | D:8      | Found a sacrificial altar of Ru.
  9528 | D:8      | Noticed Maurice
  9530 | D:8      | Noticed a death yak
  9532 | D:8      | Killed Maurice
  9533 | D:8      | Noticed a death yak
  9733 | D:8      | Noticed a death yak
  9886 | D:8      | Found a staircase to the Lair.
 10000 | D:8      | Reached * piety under Vehumet
 10000 | D:8      | Offered knowledge of Sandblast by Vehumet.
 10407 | D:8      | Noticed a death yak
 10461 | D:8      | Killed a death yak
 10762 | D:8      | Noticed a death yak
 10786 | D:8      | Killed a death yak
 10786 | D:8      | Reached skill level 5 in Conjurations
 10786 | D:8      | Reached skill level 13 in Air Magic
 10786 | D:8      | Reached XP level 11. HP: 53/66 MP: 8/25
 10911 | D:8      | Killed a death yak
 11004 | D:8      | Killed a death yak
 11453 | D:9      | Noticed a two-headed ogre
 11582 | D:9      | Learned a level 3 spell: Mephitic Cloud
 11585 | D:9      | Learned a level 2 spell: Blink
 11589 | D:9      | Learned a level 3 spell: Conjure Flame
 11592 | D:9      | Learned a level 2 spell: Call Imp
 12121 | D:9      | Reached ** piety under Vehumet
 12121 | D:9      | Offered knowledge of Freeze by Vehumet.
 12337 | D:9      | Noticed a three-headed hydra
 12404 | D:9      | Killed a three-headed hydra
 12404 | D:9      | Reached skill level 10 in Spellcasting
 12698 | D:9      | Reached skill level 14 in Air Magic
 12744 | D:9      | Killed a death yak
 12813 | D:9      | Killed a two-headed ogre
 12878 | D:9      | Found an opulent altar of Gozag.
 12984 | Lair:1   | Entered Level 1 of the Lair of Beasts
 13042 | Lair:1   | Found a frozen archway.
 13061 | Lair:1   | Offered knowledge of Dazzling Flash by Vehumet.
 13084 | IceCv    | Entered an ice cave
 13084 | IceCv    | Noticed a white ugly thing
 13098 | IceCv    | Killed a white ugly thing
 13130 | IceCv    | Found a transporter.
 13183 | IceCv    | Noticed a white ugly thing
 13191 | IceCv    | Reached XP level 12. HP: 75/75 MP: 3/27
 13363 | Lair:1   | Reached *** piety under Vehumet
 13754 | Lair:1   | Offered knowledge of Olgreb's Toxic Radiance by Vehumet.
 14297 | Lair:2   | Reached skill level 15 in Air Magic
 14628 | Lair:2   | Noticed a four-headed hydra
 14632 | Lair:2   | Killed a four-headed hydra
 14747 | Lair:2   | Noticed a four-headed hydra
 14755 | Lair:2   | Killed a four-headed hydra
 15102 | D:7      | Bought a distressingly furry ring mail for 198 gold pieces
 15102 | D:7      | Bought a pair of runed gloves for 165 gold pieces
 15124 | D:7      | Identified the +1 ring mail of Guokhlye {MR+} (You bought
                  | it in a shop on level 7 of the Dungeon)
 15334 | Lair:2   | Found a staircase to the Shoals.
 15336 | Lair:2   | Reached skill level 5 in Dodging
 15773 | Lair:3   | Noticed an eight-headed hydra
 15788 | Lair:3   | Killed an eight-headed hydra
 16080 | Lair:3   | Reached **** piety under Vehumet
 16193 | Lair:3   | Found a staircase to the Snake Pit.
 16498 | Lair:3   | Got a crystal mace
 16499 | Lair:3   | Identified the +5 mace "Didiamuv" {pain, rC+} (You found it
                  | on level 3 of the Lair of Beasts)
 16716 | Lair:3   | Offered knowledge of Iskenderun's Mystic Blast by Vehumet.
 17138 | Lair:4   | Reached skill level 16 in Air Magic
 17138 | Lair:4   | Reached XP level 13. HP: 80/80 MP: 25/29
 18682 | D:10     | Entered Level 10 of the Dungeon
 18685 | D:10     | Reached skill level 17 in Air Magic
 19688 | D:11     | Found Welu's Antique Armour Shop.
 19710 | D:11     | Reached ***** piety under Vehumet
 19769 | D:11     | Offered knowledge of Conjure Ball Lightning by Vehumet.
 19777 | D:11     | Learned a level 6 spell: Conjure Ball Lightning
 19939 | D:11     | Bought a crude leather armour for 231 gold pieces
 19939 | D:11     | Identified the +1 leather armour of Uzets {rF+ MR+} (You
                  | bought it in a shop on level 11 of the Dungeon)
 19981 | D:11     | Found a runed translucent gate.
 19981 | D:11     | Found a runed translucent gate.
 19981 | D:11     | Found a runed translucent gate.
 20221 | D:11     | Noticed Tman's ghost (journeyman DDFi)
 20662 | D:11     | Killed Tman's ghost
 20875 | D:11     | Got the ring "Xahisiq" {Fire}
 21441 | D:12     | Noticed Nessos
 21452 | D:12     | Killed Nessos
 22205 | Lair:5   | Reached skill level 18 in Air Magic
 22407 | Lair:4   | Reached XP level 14. HP: 67/86 MP: 14/31
 22682 | Lair:5   | Offered knowledge of Orb of Destruction by Vehumet.
 22956 | Lair:6   | Entered Level 6 of the Lair of Beasts
 23522 | Lair:6   | Reached skill level 19 in Air Magic
 24936 | Lair:6   | Found a staircase to the Slime Pits.
 25943 | D:12     | Reached skill level 20 in Air Magic
 26107 | D:12     | Found a roughly hewn altar of Beogh.
 26109 | D:12     | Found a staircase to the Orcish Mines.
 26625 | D:13     | Reached XP level 15. HP: 86/90 MP: 18/33
 26669 | Orc:1    | Entered Level 1 of the Orcish Mines
 27888 | Orc:1    | Found a roughly hewn altar of Beogh.
 27943 | Orc:2    | Entered Level 2 of the Orcish Mines
 28496 | Orc:2    | Found a roughly hewn altar of Beogh.
 29202 | Orc:2    | Offered knowledge of Yara's Violent Unravelling by Vehumet.
 29204 | Orc:2    | Reached skill level 21 in Air Magic
 29534 | Orc:2    | Reached ****** piety under Vehumet
 30110 | Orc:2    | Found a staircase to the Elven Halls.
 30122 | Orc:2    | Found Kyecwaos's Gadget Boutique.
 30122 | Orc:2    | Found Xuroahava's Armour Shoppe.
 30122 | Orc:2    | Found Datoh's Jewellery Emporium.
 30122 | Orc:2    | Found Foykoc's General Store.
 30132 | Orc:2    | Bought an uncursed amulet of reflection for 360 gold pieces
 31347 | D:13     | Reached skill level 1 in Shields
 31404 | D:13     | Found a shimmering altar of Xom.
 31424 | D:13     | Found a shimmering altar of Xom.
 31425 | D:13     | Found a shimmering altar of Xom.
 31425 | D:13     | Found a shimmering altar of Xom.
 31426 | D:13     | Found a shimmering altar of Xom.
 31920 | D:14     | Offered knowledge of Bolt of Magma by Vehumet.
 32014 | D:14     | Identified a scroll of acquirement
 32015 | D:14     | Acquired the +0 kite shield "Xotusonk" {rCorr Str-3 Int+6
                  | Slay+3}
 32156 | D:14     | Found an iron altar of Okawaru.
 32168 | D:14     | Found a shimmering altar of Xom.
 32263 | D:14     | Noticed Jorgrun
 32281 | D:14     | Killed Jorgrun
 32486 | D:14     | Reached XP level 16. HP: 96/96 MP: 35/35
 32527 | D:14     | Noticed Frances
 32584 | D:14     | Killed Frances
 32584 | D:14     | Reached skill level 10 in Dodging
 32863 | D:14     | Reached skill level 22 in Air Magic
 33232 | D:14     | Found a gate to the Vaults.
 33351 | D:15     | Entered Level 15 of the Dungeon
 34032 | D:15     | Found a staircase to the Depths.
 35340 | D:15     | Found a basalt altar of Yredelemnul.
 35709 | Shoals:1 | Entered Level 1 of the Shoals
 35771 | Shoals:1 | Reached skill level 15 in Spellcasting
 36862 | Shoals:1 | Reached skill level 10 in Fighting
 37436 | Snake:1  | Entered Level 1 of the Snake Pit
 37439 | Snake:1  | Offered knowledge of Lee's Rapid Deconstruction by Vehumet.
 38078 | Shoals:2 | Reached skill level 23 in Air Magic
 38931 | Shoals:3 | Reached XP level 17. HP: 102/102 MP: 15/37
 38947 | Shoals:3 | Noticed Kirke
 39122 | Shoals:3 | Noticed a kraken
 39123 | Shoals:3 | Noticed a sphinx
 39133 | Shoals:3 | Killed Kirke
 39426 | Shoals:3 | Noticed a kraken
 39440 | Shoals:3 | Killed a kraken
 39614 | Shoals:3 | Found Xoroy's Distillery.
 39629 | Shoals:3 | Bought a potion of invisibility for 120 gold pieces
 39629 | Shoals:3 | Bought a potion of heal wounds for 75 gold pieces
 39629 | Shoals:3 | Bought 2 potions of heal wounds for 150 gold pieces
 39629 | Shoals:3 | Bought a potion of cancellation for 120 gold pieces
 40235 | Shoals:3 | Reached skill level 5 in Armour
 40515 | Shoals:3 | Offered knowledge of Freezing Cloud by Vehumet.
 40925 | Shoals:3 | Noticed Polyphemus
 40931 | Shoals:3 | HP: 4/103 [Polyphemus/large rock (37)]
 41288 | Shoals:3 | Killed Polyphemus
 41419 | Shoals:3 | Killed a kraken
 41752 | Shoals:4 | Entered Level 4 of the Shoals
 41966 | Shoals:4 | Learned a level 6 spell: Freezing Cloud
 41977 | Shoals:4 | Reached skill level 5 in Shields
 44021 | Shoals:4 | Got a barnacled rune of Zot
 44600 | Shoals:4 | Reached skill level 24 in Air Magic
 44794 | Shoals:4 | Offered knowledge of Chain Lightning by Vehumet.
 44907 | Shoals:4 | Identified the Guide on Vitriolic Conjuration
 45037 | Shoals:4 | Reached XP level 18. HP: 91/108 MP: 30/38
 46132 | Snake:1  | Reached skill level 1 in Ice Magic
 46144 | Snake:1  | Learned a level 8 spell: Chain Lightning
 46791 | Snake:1  | Got a heavily runed garnet amulet
 46794 | Snake:1  | Identified the amulet "Megehe" {Faith *Corrode rF+ rN+
                  | Int+3} (You found it on level 1 of the Snake Pit)
 48270 | Snake:2  | Found Rausimni's Gadget Boutique.
 49974 | Vaults:1 | Entered Level 1 of the Vaults
 50054 | Vaults:1 | Offered knowledge of Lehudib's Crystal Spear by Vehumet.
 50054 | Vaults:1 | Offered knowledge of Tornado by Vehumet.
 50054 | Vaults:1 | Offered knowledge of Ignition by Vehumet.
 50068 | Vaults:1 | Learned a level 9 spell: Tornado
 50241 | Vaults:1 | Reached skill level 25 in Air Magic
 50732 | D:14     | Reached XP level 19. HP: 101/115 MP: 25/40
 52626 | Vaults:1 | Paralysed by a great orb of eyes for 3 turns
 53380 | Vaults:2 | Found Dobuw's Antique Armour Emporium.
 53388 | Vaults:2 | Bought a smoking troll leather armour for 860 gold pieces
 53388 | Vaults:2 | Identified the +2 troll leather armour of Finops {Regen+
                  | Str+9 Slay-3} (You bought it in a shop on level 2 of the
                  | Vaults)
 53389 | Vaults:2 | Bought a brightly glowing robe for 245 gold pieces
 53389 | Vaults:2 | Identified the +2 robe of Good Intentions {-Tele rC++
                  | Dex+5} (You bought it in a shop on level 2 of the Vaults)
 54744 | Vaults:2 | Reached skill level 26 in Air Magic
 54820 | Vaults:2 | Reached XP level 20. HP: 60/120 MP: 42/42
 55345 | Vaults:2 | Found a portal to a secret trove of treasure.
 55863 | Vaults:2 | Found a staircase to the Crypt.
 58407 | Vaults:3 | Reached skill level 10 in Shields
 59558 | Snake:3  | Found Araho's Antique Armour Emporium.
 60056 | Depths:1 | Entered Level 1 of the Depths
 60135 | Depths:1 | Reached XP level 21. HP: 123/127 MP: 38/44
 60473 | Depths:1 | Reached skill level 27 in Air Magic
 61051 | Depths:1 | Found Gelaocziph's Jewellery Emporium.
 61051 | Depths:1 | Found Hutiudd's Gadget Boutique.
 61052 | Depths:1 | Found Fytoni's Jewellery Emporium.
 61674 | Depths:1 | Found a gateway to Hell.
 61744 | Depths:1 | Found Haff's Gadget Shoppe.
 61847 | Depths:1 | Found Xeaveomm's Jewellery Shoppe.
 61876 | Depths:1 | Found a one-way gate to the infinite horrors of the Abyss.
 61889 | Depths:1 | Found Fiypag's Assorted Antiques.
 62009 | Depths:1 | Found a one-way gate leading to the halls of Pandemonium.
 62140 | Depths:2 | Identified the cursed +0 pair of gloves "Nareimy" {rN++
                  | Int-5}
 62140 | Depths:2 | Noticed Nikola
 62147 | Depths:2 | Killed Nikola
 62362 | Depths:2 | Found a corrupted altar of Lugonu.
 62369 | Depths:2 | Found a runed translucent gate.
 62369 | Depths:2 | Found a runed translucent gate.
 62369 | Depths:2 | Found a runed translucent gate.
 62370 | Depths:2 | Noticed lllmatko's ghost (adept MiBe)
 63875 | Depths:2 | Reached XP level 22. HP: 113/133 MP: 6/46
 64099 | Depths:2 | You are sucked into a shaft and drop 1 floor!
 65924 | Depths:3 | Found a gateway to a ziggurat.
 66149 | Depths:3 | Found Jeingad's General Store.
 66310 | Depths:3 | Found a glowing golden altar of the Shining One.
 67175 | Depths:4 | Reached skill level 10 in Armour
 68143 | Depths:4 | Noticed Xtahua
 68150 | Depths:4 | Killed Xtahua
 68150 | Depths:4 | Reached XP level 23. HP: 114/138 MP: 41/48
 68316 | Depths:5 | Entered Level 5 of the Depths
 69026 | Depths:5 | Noticed a golden dragon
 69035 | Depths:5 | Killed a golden dragon
 69991 | Depths:5 | Acquired 1990 gold pieces
 70162 | Depths:1 | Bought the amulet "Tegon" {Reflect rElec rC+ SH+5} for 816
                  | gold pieces
 70209 | Depths:1 | Bought a cursed ring of positive energy for 255 gold pieces
 70279 | Depths:5 | Found Ocam's Antique Armour Shop.
 70294 | Depths:5 | Identified the +4 robe of Lileeho {rN+ Str+4 Dex+4} (You
                  | found it on level 5 of the Depths)
 70404 | Depths:1 | Bought an uncursed ring of protection from fire for 375
                  | gold pieces
 70491 | Depths:5 | Bought a smoking robe for 136 gold pieces
 70491 | Depths:5 | Identified the +1 robe of the Shore {rF- rC- MR+++ SInv}
                  | (You bought it in a shop on level 5 of the Depths)
 70696 | Depths:5 | Identified the +1 scale mail "Zadaj" {Regen+ Str+4 Dex+2
                  | Slay+2} (You found it on level 5 of the Depths)
 70762 | Depths:5 | Found a gate to the Realm of Zot.
 70765 | Depths:5 | Noticed a golden dragon
 70776 | Depths:5 | Killed a golden dragon
 71349 | Depths:1 | Bought an uncursed ring of poison resistance for 300 gold
                  | pieces
 71800 | Snake:3  | Found Biffeif's Gadget Emporium.
 71804 | Snake:3  | Noticed Asterion
 71812 | Snake:3  | Killed Asterion
 72144 | Snake:3  | Found Mox Qia's Book Emporium.
 72153 | Snake:3  | Learned a level 2 spell: Sublimation of Blood
 72156 | Snake:3  | Learned a level 2 spell: Blink
 72159 | Snake:3  | Learned a level 2 spell: Sticks to Snakes
 72226 | Snake:3  | Found Umeust's Magic Scroll Boutique.
 72351 | Snake:3  | Found Gulemic's Book Boutique.
 72380 | Snake:4  | Entered Level 4 of the Snake Pit
 72477 | Snake:4  | Found a transporter.
 72479 | Snake:4  | Identified the ring "Qyufobit" {rC+ Int+2} (You found it on
                  | level 4 of the Snake Pit)
 72481 | Snake:4  | Noticed Qimmyvaw's ghost (adept GnWz)
 72490 | Snake:4  | Found a transporter.
 72715 | Snake:4  | Identified Roxanne's Incunabulum of the Rocks
 72715 | Snake:4  | Noticed Roxanne
 72723 | Snake:4  | Killed Roxanne
 72962 | Snake:4  | Identified the cursed ring "Zuonadgh" {rF+ Dex-4}
 72974 | Snake:4  | Identified the ring of the Will of the Gods {MR+ Int+6
                  | Dex+5}
 73397 | Snake:4  | Noticed Bai Suzhen
 73406 | Snake:4  | Killed Bai Suzhen
 73942 | Snake:4  | Reached XP level 24. HP: 122/144 MP: 14/49
 74315 | Snake:4  | Noticed Vashnia
 74430 | Snake:4  | Killed Vashnia
 75100 | Snake:4  | Got a serpentine rune of Zot
 75288 | Snake:4  | Killed Qimmyvaw's ghost
 75894 | Vaults:3 | Identified the cursed +0 robe of Qazlal's Delight {rPois
                  | Int+3}
 76093 | Vaults:3 | Found a radiant altar of Vehumet.
 76102 | Vaults:3 | Identified the cursed +1 robe of Xud Ehom {Dex+4} (You
                  | found it on level 3 of the Vaults)
 76104 | Vaults:3 | Identified the +1 robe "Wakhliak" {rF+} (You found it on
                  | level 3 of the Vaults)
 77180 | Vaults:4 | Reached skill level 15 in Dodging
 78585 | Vaults:5 | Entered Level 5 of the Vaults
 78590 | Vaults:5 | Noticed an ancient lich
 79283 | Slime:1  | Entered Level 1 of the Pits of Slime
 79293 | Slime:2  | Gained mutation: Armour fits poorly on your strangely
                  | shaped body. [a shining eye]
 79294 | Slime:2  | Reached skill level 15 in Shields
 79296 | Slime:2  | Reached XP level 25. HP: 132/152 MP: 50/50
 79321 | Slime:2  | Lost mutation: Armour fits poorly on your strangely shaped
                  | body. [potion of mutation]
 79321 | Slime:2  | Gained mutation: You are weak. (Str -2) [potion of
                  | mutation]
 79321 | Slime:2  | Gained mutation: You are occasionally teleported next to
                  | monsters. [potion of mutation]
 79321 | Slime:2  | Gained mutation: You are agile. (Dex +2) [potion of
                  | mutation]
 79322 | Slime:2  | Lost mutation: You are agile. (Dex +2) [potion of mutation]
 79322 | Slime:2  | Lost mutation: You are weak. (Str -2) [potion of mutation]
 79322 | Slime:2  | Lost mutation: You are occasionally teleported next to
                  | monsters. [potion of mutation]
 79322 | Slime:2  | Gained mutation: You are weak. (Str -2) [potion of
                  | mutation]
 79322 | Slime:2  | Gained mutation: Your spells are a little harder to cast,
                  | but a little more powerful. [potion of mutation]
 79322 | Slime:2  | Gained mutation: You are partially covered in thin metallic
                  | scales. (AC +2) [potion of mutation]
 79525 | Slime:5  | Entered Level 5 of the Pits of Slime
 79687 | Slime:5  | Noticed the Royal Jelly
 79700 | Slime:5  | Killed the Royal Jelly
 79773 | Slime:5  | Identified the Papyrus of Transmigration and the Volcanoes
 79840 | Slime:5  | Got a slimy rune of Zot
 79886 | Slime:5  | Acquired 490 gold pieces
 80572 | Elf:1    | Entered Level 1 of the Elven Halls
 80709 | Elf:1    | Noticed Aizul
 80711 | Elf:1    | Killed Aizul
 80730 | Elf:1    | You are sucked into a shaft and drop 1 floor!
 80803 | Elf:2    | Found Kanicydd's Distillery.
 80806 | Elf:2    | Bought a potion of heal wounds for 75 gold pieces
 80906 | Elf:2    | Found a ruined gateway.
 80920 | Desolati | Entered the Desolation of Salt
 81071 | Desolati | Identified the ring "Ceplium" {*Drain rN+ rCorr Stlth+}
                  | (You found it in the Desolation of Salt)
 81184 | Desolati | Identified Sif Muna's Almanac of Torrid Weightlessness
 81246 | Desolati | Identified the Grimoire of Enthralling Combat Magic
 81248 | Desolati | Identified the Reference Book on the Feathery Oath
 81250 | Desolati | Identified the Reference Book on the Igneous Entourage
 81393 | Desolati | Identified the Incunabulum of Creative Stolen Souls
 81396 | Desolati | Identified the amulet of the Camelopard {Acrobat Dex+3 SInv
                  | Stlth+} (You found it in the Desolation of Salt)
 81935 | Elf:2    | Found a runed translucent door.
 81936 | Elf:2    | Noticed Huol's ghost (adept FoFi)
 82050 | Elf:2    | Killed Huol's ghost
 82104 | Elf:2    | Found a huge runed translucent gate.
 82104 | Elf:2    | Found a huge runed translucent gate.
 82104 | Elf:2    | Found a huge runed translucent gate.
 82104 | Elf:2    | Found a huge runed translucent gate.
 82106 | Elf:2    | Found a huge runed translucent gate.
 82806 | Elf:2    | Reached XP level 26. HP: 160/160 MP: 33/50
 83037 | Elf:3    | Entered Level 3 of the Elven Halls
 83037 | Elf:3    | Found Monuekim's Book Emporium.
 83074 | Elf:3    | Found Zoovosu's Armour Shop.
 83340 | Elf:3    | Found Iduh's Distillery.
 83349 | Elf:3    | Bought a potion of heal wounds for 65 gold pieces
 83349 | Elf:3    | Bought a potion of haste for 130 gold pieces
 83349 | Elf:3    | Bought a potion of heal wounds for 65 gold pieces
 83349 | Elf:3    | Bought a potion of curing for 39 gold pieces
 83349 | Elf:3    | Bought a potion of curing for 39 gold pieces
 83349 | Elf:3    | Bought a potion of curing for 39 gold pieces
 83349 | Elf:3    | Bought a potion of haste for 130 gold pieces
 83371 | Elf:3    | Found Yxtoiq's Antique Armour Emporium.
 83477 | Elf:3    | Identified Sif Muna's Volume of Warped Creation
 83493 | Elf:3    | Bought the -2 hat of the Alchemist {rElec rPois rF+ rC+ rN+
                  | MR+ rMut rCorr} for 1604 gold pieces
 83493 | Elf:3    | Found the -2 hat of the Alchemist {rElec rPois rF+ rC+ rN+
                  | MR+ rMut rCorr}
 83611 | Elf:3    | Reached skill level 15 in Fighting
 84438 | Elf:3    | Identified the ring of Creativity {+Blink MP+9}
 85195 | Elf:1    | Reached skill level 1 in Necromancy
 85464 | Elf:1    | Identified the cursed +1 robe of Awe {*Corrode +Fly rC+++
                  | Int+2} (You found it on level 1 of the Elven Halls)
 86410 | Elf:1    | Identified the cursed +0 kite shield of Paranoia {Str+4}
 86410 | Elf:1    | Noticed Donald
 86422 | Elf:1    | Killed Donald
 86834 | Zig:1    | Entered Level 1 of a ziggurat
 86850 | Zig:2    | Entered Level 2 of a ziggurat
 86875 | Zig:3    | Entered Level 3 of a ziggurat
 86879 | Zig:3    | Reached skill level 15 in Armour
 86901 | Zig:4    | Entered Level 4 of a ziggurat
 86930 | Zig:5    | Entered Level 5 of a ziggurat
 86934 | Zig:5    | Noticed a juggernaut
 86941 | Zig:5    | Killed a juggernaut
 87055 | Zig:6    | Entered Level 6 of a ziggurat
 87109 | Zig:7    | Entered Level 7 of a ziggurat
 87202 | Zig:8    | Entered Level 8 of a ziggurat
 87230 | Zig:8    | Identified Soedyoff's Handbook of the Cloudy Arsonist
 87247 | Zig:9    | Entered Level 9 of a ziggurat
 87262 | Zig:9    | Reached XP level 27. HP: 166/166 MP: 50/50
 87271 | Zig:9    | Reached skill level 5 in Necromancy
 87383 | Zig:10   | Entered Level 10 of a ziggurat
 87395 | Zig:10   | Noticed an ancient lich
 87397 | Zig:10   | Reached skill level 1 in Transmutations
 87397 | Zig:10   | Reached skill level 10 in Necromancy
 87401 | Zig:10   | Killed an ancient lich
 87439 | Zig:10   | Identified the +8 rapier "Feameedgh" {flame, Int+4} (You
                  | found it on level 10 of a ziggurat)
 87535 | Zig:11   | Entered Level 11 of a ziggurat
 87547 | Zig:11   | Noticed a juggernaut
 87549 | Zig:11   | Reached skill level 5 in Transmutations
 87557 | Zig:11   | Killed a juggernaut
 87579 | Zig:11   | Learned a level 8 spell: Necromutation
 87595 | Zig:11   | Learned a level 5 spell: Borgnjor's Vile Clutch
 87599 | Zig:11   | Got a slimy crystal amulet
 87600 | Zig:11   | Identified the amulet "Zealyv" {Inacc *Drain +Inv rPois
                  | Str+4} (You found it on level 11 of a ziggurat)
 87609 | Zig:11   | Got a bound ivory amulet
 87610 | Zig:11   | Identified the amulet "Menyziarr" {Spirit MP+9 Int+3} (You
                  | found it on level 11 of a ziggurat)
 87632 | Zig:12   | Entered Level 12 of a ziggurat
 87717 | Zig:12   | Identified the Papyrus of Blows and Bruises and Hexes
 87719 | Zig:12   | Identified the Reference Book on Ghastly Enchantment
 87748 | Zig:13   | Entered Level 13 of a ziggurat
 87802 | Zig:13   | Identified the Compendium of Shifting Evil Rituals
 87806 | Zig:13   | Identified the ring "Xiacapue" {rF+ rN+ Dex+6} (You found
                  | it on level 13 of a ziggurat)
 87811 | Zig:13   | Got a crude brass ring
 87812 | Zig:13   | Identified the cursed ring "Lyixuipo" {rF- Str-4 Dex+5}
                  | (You found it on level 13 of a ziggurat)
 87879 | Zig:14   | Entered Level 14 of a ziggurat
 87905 | Zig:14   | Reached skill level 10 in Transmutations
 87997 | Zig:14   | Identified the +2 scimitar of Tomorrow {speed, rF+ Dex+4}
                  | (You found it on level 14 of a ziggurat)
 88011 | Zig:15   | Entered Level 15 of a ziggurat
 88075 | Zig:15   | Reached skill level 15 in Necromancy
 88217 | Zig:15   | Identified the Handbook of the Loofah
 88244 | Zig:15   | Identified the +5 mace "Yxaffe" {speed, rElec rPois} (You
                  | found it on level 15 of a ziggurat)
 88255 | Zig:16   | Entered Level 16 of a ziggurat
 88273 | Zig:16   | Noticed Uveheny the pandemonium lord
 88273 | Zig:16   | Noticed Epuywek the pandemonium lord
 88275 | Zig:16   | Noticed Emafum the pandemonium lord
 88279 | Zig:16   | Noticed Xauhen the pandemonium lord
 88288 | Zig:16   | Noticed Fialue Kett the pandemonium lord
 88289 | Zig:16   | Killed Epuywek the pandemonium lord
 88292 | Zig:16   | Killed from afar by Xauhen the pandemonium lord

Illustrated notes

Levels and vault maps discovered:
D:1:      nicolae_arrival_washed_ashore, layout_rooms, serial_bayou_crossing
D:2:      layout_basic, fountainhead, kennysheep_cluttered_room
D:3:      lemuel_upstairs_altar, layout_basic
D:4:      layout_loops_ring, serial_rivers, chequers_serial_rivers_large_a,
          chequers_serial_rivers_room_b, chequers_serial_rivers_micro_b,
          chequers_serial_rivers_small_b, chequers_serial_rivers_large_b,
          chequers_serial_rivers_small_a, first_ration
D:5:      kennysheep_steamy, layout_basic, cheibrodos_sewer_entry_drain,
          nicolae_qazlal_general_emergency
D:6:      layout_rooms, uniq_duvessa
D:7:      layout_basic, minmay_temple_entry_tees, serial_shops, shop,
          nicolae_shop_stone, kennysheep_mini
D:8:      layout_basic, hangedman_ru_absence, dpeg_lair_monsters,
          hangedman_incinerator, uniq_maurice
D:9:      layout_rooms, hangedman_ranch [blue_anna_fruit_fields],
          nicolae_gozag_cash_rules_everything_around_me
D:10:     layout_cave_pools
D:11:     layout_cave_pods, gammafunk_ghost_icy, serial_shops, shop,
          hangedman_abyss_or_decor_lesser_grid
D:12:     layout_basic, david_orc_5, uniq_nessos
D:13:     layout_cave_pools, serial_column_ruins, column_ruins_circle_medium,
          column_ruins_circle_medium, column_ruins_grid_3,
          column_ruins_open_tiny, column_ruins_grid_2, column_ruins_grid_2,
          xom_redecorated
D:14:     layout_roguey, david_vaults_4, basic_altar, basic_altar, uniq_frances,
          uniq_jorgrun
D:15:     gammafunk_depths_entry_grave, layout_irregular_city,
          lemuel_mausoleum_altar_yredelemnul
Temple:   minmay_crystal_snake_temple
Lair:1:   layout_cellular_growth, portal_ice_cave_entry_imps,
          serial_bayou_shore_b
Lair:2:   layout_cave_pods, minmay_shoals_entry_beasts, pond
Lair:3:   layout_chaotic_city, minmay_snake_entry_guardpost_small, minivault_27,
          lemuel_fruit_tree, grunt_megastairs_4, serial_bayou_shore_a
Lair:4:   layout_regular_city
Lair:5:   layout_hall_layers, lemuel_old_faithful
Lair:6:   gammafunk_lair_ancient_temple, layout_cave_pods,
          minmay_slime_entry_pillars
Shoals:1: layout_shoals, dpeg_stationary_puzzle
Shoals:2: cheibrodos_shoals_baths, layout_shoals, nicolae_shoals_seven_spires
Shoals:3: layout_shoals, serial_shops, shop_coins, uniq_polyphemus, uniq_kirke
Shoals:4: shoals_end_simple, layout_shoals
Snake:1:  layout_honeycomb, nicolae_snake_lava_pool
Snake:2:  layout_rooms, serial_shops, shop
Snake:3:  layout_rooms, serial_shops, nicolae_shop_stone, shop, shop, shop,
          nicolae_shop_behind_doors, uniq_asterion
Snake:4:  snake_pit, layout_cave_town, gammafunk_ghost_arena, uniq_bai_suzhen,
          uniq_vashnia, uniq_roxanne
Slime:1:  layout_caves
Slime:2:  layout_caves
Slime:3:  layout_caves, cheibrodos_slime_lost_civilization_4
Slime:4:  layout_caves, nicolae_slime_phagocytosis
Slime:5
Orc:1:    layout_caves, basic_altar, nicolae_orc_flooded_monolith
Orc:2:    st_orc_ogre_mass, layout_caves, basic_altar
Elf:1:    layout_geoelf_diagonals, kennysheep_underground_church,
          hangedman_corner_corridor, uniq_donald, uniq_aizul
Elf:2:    layout_geoelf_diagonals, serial_shops, shop,
          portal_desolation_entry_twin_temple, ebering_ghost_reflecting_pool
Elf:3:    nooodl_elf_gasket, layout_rooms, serial_shops, shop, shop,
          nicolae_shop_overgrown_old_shop, shop, serial_corexii_hall,
          corexii_hall_statues_l, chequers_hall_statues_wall_a,
          corexii_hall_statues_x
Vaults:1: v_rooms_2, v_pattern_2, nicolae_vaults_little_ls,
          grunt_vaults_bifocal, v_misc_16, v_misc_5,
          vaults_room_grunt_arrival_ludios, vaults_room_door_ring,
          vaults_dpeg_ring, hangedman_vaults_slice, layout_vaults_chaotic_city
Vaults:2: vaults_room_stairs_pillars, hangedman_vaults_pinch,
          vaults_room_stairs_pillars, nicolae_vaults_stairing_the_circle,
          hangedman_vaults_corner, hangedman_vaults_stagger, v_pattern_4,
          v_misc_24, vaults_room_pool, vaults_room_door_hall,
          nicolae_vaults_minivaults, minmay_crypt_entry_skeletal_spiral,
          grunt_vaults_focal, nicolae_vaults_asterisk, vaults_dpeg_hooks,
          layout_vaults_ring, serial_shops, nicolae_shop_statue_plus,
          enter_trove_2
Vaults:3: v_misc_3, v_misc_32, grunt_tower_of_power, v_misc_3, v_misc_23,
          nicolae_vaults_windows_and_doors_thing,
          nicolae_vaults_little_squares_2, v_misc_12, hangedman_vaults_snaps,
          nicolae_vaults_little_squares_6, grunt_vaults_hallway_long,
          nicolae_vaults_theta, layout_vaults_omnibox
Vaults:4: vaults_room_pool, nicolae_vaults_sealed_display, v_misc_28,
          vaults_mumra_chevron_long, ontoclasm_vaults_eye,
          hangedman_vaults_slice, nicolae_vaults_big_ls,
          nicolae_vaults_specimen_jars, ontoclasm_vaults_spin,
          layout_vaults_omnigrid
Vaults:5
Depths:1: layout_cave_pools, hell_entry, hangedman_abyss_entry_splay,
          serial_shops, shop, nicolae_shop_crystal, shop,
          rand_demon_pan_entry_5, kennysheep_generic_room_5, minmay_shop_grove
Depths:2: cheibrodos_poisonous_passages, layout_cave_shapes,
          abyss_entry_flame_altar, hell_entry, pan_entry,
          gammafunk_ghost_tricky_traps, uniq_nikola
Depths:3: wander_protected_by_tso, layout_cave_pools, enter_ziggurat_e,
          hell_entry, rand_demon_pan_entry_4, wad_floor_pattern_untrapped,
          serial_shops, shop
Depths:4: minmay_the_grid_octo_triangle [minmay_the_grid_octo_focus,
          minmay_the_grid_octo_prize_ultimate_mussel_roller,
          minmay_the_grid_octo_empty], layout_long_grid, minivault_11,
          pf_coc_iceberg, abyss_entry, minmay_misc_feat_columns,
          kennysheep_generic_room_13, uniq_xtahua
Depths:5: grunt_zot_entry_bicorn, layout_gridville, serial_shops,
          nicolae_shop_crystal, pf_hell_entry_tar_spiral, solitary_fountain
Zig:16

Skill      XL: |  1  2  3  4  5  6  7  8  9 10 11 12 13 14 15 16 17 18 19 20 21 22 23 24 25 26 27 |
---------------+----------------------------------------------------------------------------------+-----
Air Magic      | 5 6 7 9 11 13 14 16 18 20 21 23 24 25 26 27 | 27.0
Spellcasting   | 3 4 6 7 9 10 11 12 13 14 15 16 17 18 19 20 21 22 | 22.1
Fighting       | 1 2 4 5 6 8 9 10 11 12 13 14 15 | 15.5
Dodging        | 3 4 5 7 8 9 10 11 12 13 14 15 18 20 | 20.6
Conjurations   | 2 5 |  5.0
Armour         | 1 2 3 4 6 7 8 10 11 13 15 | 15.5
Shields        | 1 4 5 7 8 10 11 12 13 15 | 15.0
Ice Magic      | 1 |  1.0
Necromancy     | 4 15 | 15.2
Transmutations | 12 | 12.7
Stealth        | |  2.0

Action                   |  1- 3 |  4- 6 |  7- 9 | 10-12 | 13-15 | 16-18 | 19-21 | 22-24 | 25-27 || total
-------------------------+-------+-------+-------+-------+-------+-------+-------+-------+-------++-------
Melee: Short sword       |    26 |    50 |    33 |       |       |       |       |       |       ||   109
       Kick              |     4 |    12 |    12 |    26 |     7 |    28 |    37 |    34 |    31 ||   191
       Peck              |     4 |     5 |     5 |    18 |     3 |    23 |    21 |    20 |    23 ||   122
       Falchion          |       |       |       |    52 |       |       |       |       |       ||    52
       Staff             |       |       |       |       |    15 |   142 |   132 |   120 |    92 ||   501
Throw: Javelin           |     9 |       |     2 |     1 |     7 |       |     2 |       |     1 ||    22
 Cast: Shock             |    41 |   125 |    54 |   155 |    97 |    13 |       |       |       ||   485
       Airstrike         |       |     2 |    86 |   194 |   577 |   659 |   391 |   348 |   134 ||  2391
       Lightning Bolt    |       |       |       |    24 |    85 |    53 |    68 |    70 |     3 ||   303
       Mephitic Cloud    |       |       |       |     2 |       |       |       |       |       ||     2
       Static Discharge  |       |       |       |       |     5 |     1 |       |     4 |     1 ||    11
       Conjure Ball Ligh |       |       |       |       |     7 |       |       |       |       ||     7
       Freezing Cloud    |       |       |       |       |       |   121 |     1 |    13 |       ||   135
       Tornado           |       |       |       |       |       |       |    65 |    45 |    70 ||   180
       Chain Lightning   |       |       |       |       |       |       |       |    56 |    80 ||   136
       Sticks to Snakes  |       |       |       |       |       |       |       |     1 |       ||     1
       Blink             |       |       |       |       |       |       |       |       |     1 ||     1
       Necromutation     |       |       |       |       |       |       |       |       |     1 ||     1
 Abil: Fly               |       |     1 |       |       |       |       |       |       |       ||     1
Evoke: Wand              |       |       |       |     1 |       |     3 |     2 |     2 |     2 ||    10
       Phantom mirror    |       |       |       |       |       |       |       |       |     8 ||     8
  Use: Scroll            |       |    11 |       |    12 |    13 |    11 |     5 |    10 |    18 ||    80
       Potion            |       |     3 |     1 |       |     2 |     3 |     4 |     1 |    13 ||    27
 Stab: Sleeping          |     1 |       |     1 |       |       |       |       |       |       ||     2
       Distracted        |       |       |       |       |       |     2 |       |       |       ||     2
  Eat: Chunk             |     2 |     9 |    18 |    21 |    46 |    40 |    58 |    32 |    46 ||   272
       Ration            |       |       |     2 |     3 |     3 |     6 |     3 |    11 |     3 ||    31
Armor: Robe              |     6 |     2 |       |       |       |       |       |    29 |       ||    37
       Leather armour    |       |     6 |     2 |       |       |    35 |    30 |    23 |       ||    96
       Steam dragon scal |       |       |     3 |    35 |    39 |     8 |       |       |       ||    85
       Ring mail         |       |       |       |       |       |       |       |    22 |    85 ||   107
Dodge: Dodged            |    28 |    71 |    37 |   200 |   257 |   285 |   208 |   239 |   230 ||  1555
Block: Reflection        |       |       |       |       |    12 |    63 |    75 |    72 |     3 ||   225
       Kite shield       |       |       |       |       |    10 |   288 |   213 |   313 |   190 ||  1014
       Buckler           |       |       |       |       |    10 |       |       |       |       ||    10
       Rpst.: Falchion   |       |       |       |    70 |       |       |       |       |       ||    70
